 Dungeon Sprint DCSS version 0.21-a0-352-g5b8f553 (webtiles) character file.

217 minicreteconcrete the Thaumaturge (level 5, -4/28 (29) HPs)
             Began as a Deep Elf Air Elementalist on Oct 11, 2017.
             Was a Priest of Sif Muna.
             Slain by a warg (6 damage)
             ... in the Dungeon (Sprint VII: "The Pits").
             The game lasted 00:03:21 (750 turns).

minicreteconcrete the Thaumaturge (DEAE)             Turns: 750, Time: 00:03:23

HP:   -4/28 (29)    AC:  2    Str:  5    XL:     5   Next: 61%
MP:   7/17          EV: 14    Int: 20    God:    Sif Muna [***...]
Gold: 0             SH:  0    Dex: 16    Spells: 10/20 levels left

rFire    . . .     SeeInvis .   a - +2 falchion (elec)
rCold    . . .     Gourm    .   (no shield)
rNeg     . . .     Faith    .   j - +0 robe
rPois    .         Spirit   .   (no helmet)
rElec    .         Reflect  .   (no cloak)
rCorr    .         Harm     .   (no gloves)
MR       .....     NoTele   +   (no boots)
Stlth    +++.......             (no amulet)
HPRegen  0.00/turn              (no ring)
MPRegen  0.15/turn              (no ring)

@: non-regenerating, diseased
A: no striking features
a: Divine Energy, Channel Magic, Renounce Religion


You were in the Dungeon.
You worshipped Sif Muna.
Sif Muna was most pleased with you.
You were not hungry.

You visited 1 branch

Inventory:

Hand Weapons
 a - a +2 falchion of electrocution (weapon)
Missiles
 l - 9 stones (quivered)
Armour
 j - a +0 robe (worn)
Magical Staves
 m - an uncursed staff of energy
Scrolls
 i - a scroll of blinking
 n - 3 scrolls of remove curse
 o - 5 scrolls of amnesia
 p - a scroll of summoning
 q - 2 scrolls of vulnerability
Potions
 d - 5 potions of curing
 e - 6 potions of heal wounds
 f - a potion of haste
 g - 4 potions of magic
 h - 3 potions of berserk rage
 k - 2 potions of invisibility
Books
 b - a book of Air

   Spells                             Type                      Level
   a - Shock                          Conjuration/Air              1
   b - Swiftness                      Charms/Air                   2
   c - Static Discharge               Conjuration/Air              3
   d - Airstrike                      Air                          4
   e - Lightning Bolt                 Conjuration/Air              5
Comestibles
 c - 8 bread rations
 r - 40 fruits
 s - 7 meat rations
 t - 4 chunks of flesh


   Skills:
 + Level 1.2 Fighting
 + Level 2.2 Long Blades
 + Level 3.8 Dodging
 + Level 4.4 Stealth
 + Level 8.3 Spellcasting
 + Level 4.3 Conjurations
 + Level 7.7 Air Magic
 * Level 2.7 Invocations


You had 10 spell levels left.
You knew the following spells:

 Your Spells              Type           Power        Failure   Level  Hunger
a - Shock                 Conj/Air       ####         1%          1    None
b - Swiftness             Chrm/Air       ###.....     2%          2    None
c - Static Discharge      Conj/Air       ####....     1%          3    None
d - Airstrike             Air            #####.....   3%          4    ###....


Dungeon Overview and Level Annotations

Branches:
Dungeon (1/1)

Altars:
Ashenzari
Cheibriados
Dithmenos
Elyvilon
Fedhas
Gozag
Hepliaklqana
Kikubaaqudgha
Makhleb
Nemelex Xobeh
Okawaru
Qazlal
Ru
Sif Muna
Trog
Uskayaw
Vehumet
Wu Jian
Xom
Yredelemnul
Zin
The Shining One
Beogh
Jiyva
Lugonu


Message History

Unknown command.
Casting: Shock
Confirm with . or Enter, or press ? or * to list all spells.
Aiming: Airstrike
Press: ? - help, Dir - move target cursor, f - warg
Aim: a warg The air twists around and strikes the warg!
The warg is moderately wounded.
Casting: Airstrike
Confirm with . or Enter, or press ? or * to list all spells.
The warg is struck by lightning.
The warg is heavily wounded.
The lightning arcs!
You are struck by lightning.
The lightning arcs!
The warg is struck by lightning.
The warg is severely wounded.
The lightning grounds out.
The warg bites you!
Ouch! That really hurt!
* * * LOW HITPOINT WARNING * * *
The warg bites you.
You die...

_________.#
_______...#######
##########'##.....
#....')))'.##.....
##########.##.....
#.).....(...'.....
#'#####'#####.....
#.#..#.)#..##.....
#@#..)..'.)#####'#
#h##'####+###.....
#.#........##.....
#.#........##.....
#.#####'#####...<.
#.#...)))[.##.....
#.#...)))[.##.....
#'###########.....
#.. ######


You could see a warg.

Vanquished Creatures
  A necrophage (D)
  A quasit (D)
  A gnoll shaman (D)
  A worker ant (D)
  4 gnolls (D)
  An adder zombie (D)
  A leopard gecko (D)
  2 goblins (D)
  A bat (D)
  A frilled lizard (D)
  2 kobolds (D)
16 creatures vanquished.

Notes
Turn   | Place    | Note
-------+----------+-------------------------------------------
     0 | D        | minicreteconcrete the Deep Elf Air Elementalist began the quest for the Orb.
     0 | D        | Reached XP level 1. HP: 10/10 MP: 6/6
    88 | D        | Found a glowing golden altar of the Shining One.
    88 | D        | Found a glowing silver altar of Zin.
    88 | D        | Found a basalt altar of Yredelemnul.
    88 | D        | Found a shimmering altar of Xom.
    88 | D        | Found an ornate altar of the Wu Jian Council.
    88 | D        | Found a bloodstained altar of Trog.
    88 | D        | Found a deep blue altar of Sif Muna.
    88 | D        | Found a sacrificial altar of Ru.
    88 | D        | Found a stormy altar of Qazlal.
    88 | D        | Found an iron altar of Okawaru.
    88 | D        | Found a sparkling altar of Nemelex Xobeh.
    88 | D        | Found a burning altar of Makhleb.
    88 | D        | Found a viscous altar of Jiyva.
    88 | D        | Found a hazy altar of Hepliaklqana.
    88 | D        | Found an opulent altar of Gozag.
    88 | D        | Found a blossoming altar of Fedhas.
    88 | D        | Found a white marble altar of Elyvilon.
    88 | D        | Found a shadowy altar of Dithmenos.
    88 | D        | Found a snail-covered altar of Cheibriados.
    89 | D        | Found a radiant altar of Vehumet.
    89 | D        | Found a corrupted altar of Lugonu.
    89 | D        | Found a roughly hewn altar of Beogh.
    90 | D        | Found an ancient bone altar of Kikubaaqudgha.
    90 | D        | Found a hide-covered altar of Uskayaw.
    90 | D        | Found a shattered altar of Ashenzari.
    91 | D        | Became a worshipper of Sif Muna the Loreminder
   272 | D        | Reached XP level 2. HP: 15/15 MP: 5/8
   409 | D        | Learned a level 2 spell: Swiftness
   415 | D        | Reached * piety under Sif Muna
   417 | D        | Reached skill level 4 in Spellcasting
   424 | D        | Reached skill level 5 in Air Magic
   424 | D        | Reached XP level 3. HP: 16/19 MP: 3/11
   429 | D        | Reached ** piety under Sif Muna
   429 | D        | Reached skill level 5 in Spellcasting
   505 | D        | Learned a level 3 spell: Static Discharge
   531 | D        | Reached skill level 1 in Long Blades
   531 | D        | Reached XP level 4. HP: 17/24 MP: 1/13
   533 | D        | Reached skill level 6 in Spellcasting
   665 | D        | Learned a level 4 spell: Airstrike
   670 | D        | Noticed a black bear
   670 | D        | Noticed a warg
   670 | D        | Noticed a necrophage
   678 | D        | Reached *** piety under Sif Muna
   748 | D        | Killed a necrophage
   748 | D        | Reached skill level 1 in Fighting
   748 | D        | Reached skill level 8 in Spellcasting
   748 | D        | Reached XP level 5. HP: 22/28 MP: 6/17
   750 | D        | Slain by a warg

Vault maps used:
D:        pitsprint

Skill      XL: |  1  2  3  4 |
---------------+-------------+-----
Stealth        | 3 4 |  4.4
Air Magic      | 4 5 6 7 |  7.7
Dodging        | 3 |  3.8
Spellcasting   | 4 5 8 |  8.3
Conjurations   | 2 3 4 |  4.3
Long Blades    | 1 2 |  2.2
Fighting       | 1 |  1.2
Invocations    | 2 |  2.7

Action                   |  1- 3 |  4- 6 || total
-------------------------+-------+-------++-------
Melee: Falchion          |    10 |     2 ||    12
Throw: Stone             |       |     1 ||     1
 Cast: Shock             |    22 |     2 ||    24
       Static Discharge  |     2 |     2 ||     4
       Airstrike         |       |     6 ||     6
Invok: Channel Magic     |       |     1 ||     1
  Use: Potion            |       |     1 ||     1
Armor: Robe              |     1 |       ||     1
Dodge: Dodged            |     9 |     6 ||    15
       Rpst.: Falchion   |     2 |     3 ||     5

Table legend:
 A = Spawn XP
 B = Non-spawn XP
 C = Spawn XP percentage of total XP
 D = Spawn monster count
 E = Non-spawn monster count
 F = Spawn count percentage of total count
 G = Total turns spent on level
                    A         B        C        D         E        F      G
               +---------+---------+-------+---------+---------+-------+---------
         Total |       0 |     310 |   0.0 |       0 |      16 |   0.0 |   750
               +---------+---------+-------+---------+---------+-------+---------
             D |       0 |     310 |   0.0 |       0 |      16 |   0.0 |   750
               +---------+---------+-------+---------+---------+-------+---------
